AoeStats
← D4RKK

Black Forest

510407013Analyzed
4v4 RM · 1d ago on Sep 30, 2026· 95m 13s· 8 players
Game mode
Random Map
Map size
Large (8 player)
Population
200
Speed
Normal
Resources
Standard
Victory
Conquest
Starting age
Dark Age
Ending age
Imperial Age
RankedLock teamsTeams togetherTeam positionsShared explorationLock speedFull tech treeHidden civsTurbo modeCheats
Victory
Defeat
🇸🇰 Saracens · Slovakia
847
+16
🇬🇧 Khmer · United Kingdom
846
+16
🇦🇹 Goths · Austria
842
+16
🇹🇷 Bulgarians · Türkiye
825
+17
🇲🇽 Burgundians · Mexico
886
-17
🇲🇽 Inca · Mexico
867
-17
🇬🇷 Magyars · Greece
865
-17
🇺🇸 Persians · United States
785
-14
MHPL
0:28 Loom
15:39 Feudal Age
16:25 Double-Bit Axe
16:21 Horse Collar
22:41 Wheelbarrow
21:51 Town Watch
26:53 Castle Age
27:40 Forging
27:30 Scale Mail Armor
27:35 Scale Barding Armor
27:20 Fletching
27:30 Padded Archer Armor
27:52 Heavy Plow
29:14 Bow Saw
33:20 Hand Cart
33:06 Town Patrol
38:44 Imperial Age
37:56 Caravan
38:27 Coinage
38:47 Murder Holes
39:17 Masonry
39:28 Ballistics
42:56 Crop Rotation
44:49 Gold Mining
44:49 Stone Mining
45:00 Pikeman
45:41 Squires
45:26 Arson
45:39 Elite Konnik
45:42 Halberdier
47:29 Onager
48:46 Thumb Ring
48:01 Elite Skirmisher
49:29 Iron Casting
49:09 Chain Mail Armor
49:14 Chain Barding Armor
48:49 Bodkin Arrow
49:36 Capped Ram
51:00 Siege Engineers
52:01 Chemistry
51:34 Architecture
56:18 Coinage
57:17 Bloodlines
57:07 Husbandry
56:29 Siege Onager
64:39 Conscription
64:15 Stirrups
68:41 Chain Mail Armor
68:46 Chain Barding Armor
69:32 Bagains
69:12 Heavy Scorpion
70:52 Gold Shaft Mining
70:52 Stone Shaft Mining
73:15 Blast Furnace
72:45 Plate Mail Armor
72:35 Chain Barding Armor
72:11 Bodkin Arrow
72:31 Leather Archer Armor
75:45 Plate Barding Armor
75:10 Bracer
81:09 Siege Ram
Doofus
11:52 Feudal Age
11:14 Loom
12:24 Double-Bit Axe
12:21 Horse Collar
17:14 Castle Age
18:28 Bow Saw
21:56 Heavy Plow
24:23 Loom
25:06 Fletching
26:26 Wheelbarrow
25:37 Town Watch
26:05 Bodkin Arrow
30:51 Imperial Age
28:38 Husbandry
28:48 Bloodlines
29:03 Gold Mining
30:55 Hand Cart
30:55 Stone Mining
31:45 Ballistics
31:45 Double Crossbow
31:54 Bracer
32:18 Padded Archer Armor
32:58 Conscription
34:16 Gold Shaft Mining
34:45 Chemistry
33:41 Murder Holes
36:03 Siege Engineers
36:16 Leather Archer Armor
35:38 Elite Ballista Elephant
37:25 Crop Rotation
37:59 Ring Archer Armor
37:35 Scale Barding Armor
37:42 Forging
37:31 Light Cavalry
38:32 Hussar
41:04 Iron Casting
40:50 Chain Barding Armor
41:50 Stone Shaft Mining
42:09 Hoardings
43:29 Sanctity
43:20 Fervor
44:17 Blast Furnace
43:53 Plate Barding Armor
43:34 Masonry
46:44 Caravan
47:14 Coinage
48:54 Coinage
48:47 Town Patrol
50:07 Banking
49:48 Scale Mail Armor
60:36 Architecture
65:14 Tusk Swords
67:12 Elite Battle Elephant
70:49 Chain Mail Armor
70:01 Elite Battle Elephant
76:14 Heavy Scorpion
91:14 Spies/Treason
happymen
1:12 Loom
12:03 Feudal Age
12:51 Double-Bit Axe
12:58 Gold Mining
12:54 Horse Collar
21:48 Castle Age
21:40 Stone Mining
22:42 Heavy Plow
22:54 Bow Saw
23:21 Stone Shaft Mining
27:33 Wheelbarrow
26:44 Town Watch
30:49 Hand Cart
30:35 Town Patrol
32:27 Scale Mail Armor
32:37 Forging
32:28 Squires
31:49 Pikeman
36:08 Imperial Age
34:17 Chain Mail Armor
34:37 Iron Casting
35:16 Anarchy
35:55 Iron Casting
38:37 Chemistry
37:48 Masonry
37:18 Treadmill Crane
37:33 Murder Holes
37:59 Ballistics
38:41 Blast Furnace
37:03 Halberdier
37:45 Perfusion
38:05 Conscription
37:10 Elite Huskarl
39:04 Caravan
40:52 Architecture
40:00 Onager
48:15 Two-Man Saw
47:50 Crop Rotation
91:38 Spies/Treason
Fireman
0:29 Loom
15:21 Feudal Age
16:23 Double-Bit Axe
23:24 Castle Age
21:58 Stone Mining
23:41 Wheelbarrow
26:13 Fletching
28:07 Hand Cart
29:01 Bloodlines
35:42 Forging
36:06 Husbandry
36:48 Iron Casting
36:19 Scale Barding Armor
36:42 Town Watch
36:49 Horse Collar
37:24 Bow Saw
38:47 Heavy Plow
38:56 Gold Mining
40:36 Fortified Wall
39:53 Light Cavalry
41:56 Gold Shaft Mining
45:09 Imperial Age
43:29 Chain Barding Armor
43:37 Ballistics
43:28 Masonry
46:19 Conscription
45:19 Elite Mameluke
46:19 Hussar
48:05 Blast Furnace
47:41 Plate Barding Armor
49:50 Chemistry
48:50 Bodkin Arrow
48:56 Padded Archer Armor
64:55 Bracer
65:25 Elite Skirmisher
70:24 Thumb Ring
72:42 Leather Archer Armor
D4RKK
1:06 Loom
11:55 Feudal Age
12:14 Double-Bit Axe
13:04 Fishing Lines
13:58 Horse Collar
16:15 Stone Mining
19:51 Wheelbarrow
19:56 Gold Mining
24:48 Castle Age
23:37 Scale Barding Armor
25:45 Bow Saw
26:53 Gold Shaft Mining
26:47 Gillnets
28:57 Chain Barding Armor
28:38 Padded Archer Armor
28:30 Fletching
33:28 Imperial Age
31:18 Leather Archer Armor
33:48 Hand Cart
34:20 Stone Shaft Mining
33:27 Elite War Elephant
33:46 Pikeman
34:27 Squires
34:49 Caravan
35:32 Bloodlines
35:23 Husbandry
36:55 Two-Man Saw
36:04 Heavy Plow
35:31 Cavalier
36:41 Town Watch
37:22 Town Patrol
37:12 Crossbowman
39:12 Thumb Ring
39:46 Plate Barding Armor
39:41 Ring Archer Armor
39:22 Forging
39:15 Scale Mail Armor
39:30 Savar
42:29 Devotion
42:51 Ballistics
42:30 Murder Holes
43:44 Chemistry
42:40 Murder Holes
43:04 Guilds
43:44 Kamandaran
44:40 Bodkin Arrow
45:11 Conscription
45:31 Hoardings
Deivid7201
1:16 Loom
12:39 Feudal Age
19:48 Castle Age
19:44 Double-Bit Axe
21:25 Elite Skirmisher
21:29 Pikeman
22:18 Squires
22:15 Fletching
22:45 Bow Saw
29:16 Horse Collar
31:17 Gold Mining
32:35 Two-Man Saw
31:38 Heavy Plow
31:32 Fishing Lines
32:59 Ballistics
32:36 Bodkin Arrow
32:43 Caravan
34:54 Gillnets
37:36 Imperial Age
35:44 Wheelbarrow
35:02 Stone Mining
35:49 Gold Shaft Mining
36:41 Crop Rotation
36:42 Hand Cart
36:41 Forging
36:33 Treadmill Crane
37:56 Murder Holes
39:18 Chemistry
38:56 Iron Casting
38:21 Bracer
40:59 Blast Furnace
43:25 Burgundian Vineyards
43:41 Conscription
47:48 Halberdier
49:00 Scale Mail Armor
71:32 Chain Mail Armor
81:28 Padded Archer Armor
81:59 Plate Mail Armor
84:36 Masonry
84:14 Arrowslits
85:11 Hoardings
Mr Seymour Guado
2:02 Loom
15:13 Feudal Age
17:29 Wheelbarrow
16:42 Double-Bit Axe
19:07 Horse Collar
24:33 Castle Age
25:37 Hand Cart
25:39 Bow Saw
25:32 Heavy Plow
32:00 Scale Barding Armor
34:07 Corvinian Army
34:40 Chain Barding Armor
36:21 Bloodlines
36:55 Thumb Ring
37:09 Caravan
38:04 Husbandry
42:05 Imperial Age
39:28 Fletching
39:39 Padded Archer Armor
41:10 Bodkin Arrow
41:31 Leather Archer Armor
42:52 Recurve Bow
43:13 Conscription
42:55 Elite Magyar Huszar
44:06 Parthian Tactics
43:16 Heavy Cavalry Archer
44:04 Gold Mining
44:04 Stone Mining
44:37 Sappers
46:40 Bracer
47:11 Ring Archer Armor
47:49 Plate Barding Armor
55:40 Cavalier
55:51 Elite Skirmisher
57:22 Onager
57:35 Heavy Scorpion
62:17 Cavalier
reyangel141
4:16 Loom
15:17 Feudal Age
19:10 Castle Age
21:39 Wheelbarrow
22:38 Double-Bit Axe
22:18 Pikeman
27:17 Horse Collar
30:55 Hand Cart
30:43 Heavy Plow
31:30 Bow Saw
33:23 Ballistics
32:53 Treadmill Crane
33:16 Town Watch
36:16 Imperial Age
34:11 Fletching
34:48 Bodkin Arrow
34:48 Gold Mining
34:50 Stone Mining
36:34 Gold Shaft Mining
36:37 Stone Shaft Mining
36:29 Onager
38:22 Crop Rotation
39:00 Chemistry
38:54 Bracer
39:08 Caravan
39:43 Town Patrol
39:47 Padded Archer Armor
40:26 Siege Engineers
41:00 Leather Archer Armor
41:22 Fortified Wall
41:07 Murder Holes
41:55 Guilds
41:59 Halberdier
42:40 Squires
43:24 Ring Archer Armor
42:55 Scale Mail Armor
43:44 Conscription
43:36 Andean Sling
43:38 Fabric Shields
44:49 Forging
44:44 Elite Kamayuk
45:59 Hoardings
46:59 Chain Mail Armor
48:52 Heavy Scorpion
52:49 Plate Mail Armor
52:55 Iron Casting
52:43 Masonry
55:57 Blast Furnace
71:11 Sappers
87:50 Champi Runner
88:41 Champi Warrior
89:23 Elite Champi Warrior
Connection lost

Rejoining the realm…

Still unreachable

The connection could not be restored.

Session expired

The server has moved on; the page needs a fresh start.